 Dungeon Crawl Stone Soup version 0.29.1-12-g30fa7ad0bf (webtiles) character file.

Game seed: 5554950408834215724

10220 cheesebisquit the Severer (level 11, 0/83 HPs)
             Began as a Minotaur Berserker on Jan 3, 2023.
             Was a Priest of Trog.
             Slain by an eight-headed hydra (7 damage)
             ... on level 10 of the Dungeon on Jan 4, 2023.
             The game lasted 00:50:30 (10516 turns).

cheesebisquit the Severer (Minotaur Berserker)     Turns: 10516, Time: 00:50:31

Health: 0/83       AC: 12    Str: 26    XL:     11   Next: 33%
Magic:  10/10      EV:  7    Int:  4    God:    Trog [***...]
Gold:   581        SH:  5    Dex: 10    Spells: 10/10 levels left

rFire   . . .      SeeInvis .   B - +0 morningstar
rCold   . . .      Faith    .   u - +2 buckler
rNeg    + . .      Spirit   .   d - +0 plate armour
rPois   .          Reflect  .   (helmet restricted)
rElec   .          Harm     .   (no cloak)
rCorr   +          Rampage  .   J - +0 pair of gloves
Will    ++...                   (no boots)
Stlth   ..........              (no amulet)
HPRegen 1.23/turn               D - ring of resist corrosion
MPRegen 0.12/turn               A - ring of positive energy

@: about to teleport, strong-willed, on berserk cooldown, regenerating, slowed,
very slow
A: horns 2, retaliatory headbutt
a: Renounce Religion, Berserk, Trog's Hand


You were on level 10 of the Dungeon.
You worshipped Trog.
Trog was most pleased with you.
You visited 1 branch of the dungeon, and saw 10 of its levels.

You collected 581 gold pieces.

Inventory:

Hand Weapons
 a - a +3 war axe
 b - a +0 sling
 B - a +0 morningstar (weapon)
 G - a +2 war axe of electrocution
Missiles
 n - 34 poisoned darts (quivered)
 q - 2 throwing nets
Armour
 d - a +0 plate armour (worn)
 u - a +2 buckler (worn)
 J - a +0 pair of gloves (worn)
Jewellery
 A - a ring of positive energy (right hand)
 D - a ring of resist corrosion (left hand)
Wands
 j - a wand of digging (8)
 k - a wand of flame (17)
 r - a wand of charming (8)
 x - a wand of polymorph (12)
Scrolls
 e - a scroll of enchant armour {unknown}
 f - 3 scrolls of teleportation
 g - 4 scrolls of magic mapping
 i - a scroll of fear {unknown}
 p - a scroll of poison {unknown}
 v - a scroll of butterflies {unknown}
 y - a scroll of noise {unknown}
 C - a scroll of vulnerability
 F - a scroll of blinking {unknown}
 I - a scroll of immolation {unknown}
Potions
 c - 3 potions of attraction
 h - 2 potions of invisibility {unknown}
 l - 2 potions of lignification {unknown}
 m - 2 potions of magic {unknown}
 o - 7 potions of curing
 s - 2 potions of degeneration {unknown}
 t - a potion of brilliance {unknown}
 w - a potion of might {unknown}
 z - a potion of mutation {unknown}
 E - 3 potions of flight
 H - a potion of haste {unknown}


   Skills:
 - Level 3.8 Fighting
 + Level 20.6 Axes
 - Level 2.7 Armour
 - Level 2.4 Dodging


You had 10 spell levels left.
You didn't know any spells.
Your spell library was empty.

Dungeon Overview and Level Annotations

Branches:
Dungeon (10/15)            Temple (0/1) D:7             Orc (0/2) D:10
   Lair: D:8-11

Altars:
Ashenzari
Nemelex Xobeh
Okawaru
Sif Muna
Trog
Zin

Shops:
D:3 :

Annotations:
D:6 Blork the orc


Innate Abilities, Weirdness & Mutations

You have a pair of horns on your head.
You reflexively headbutt those who attack you in melee.


Message History

The eight-headed hydra bites you. The eight-headed hydra bites you! x2
The eight-headed hydra bites you. The eight-headed hydra bites you! x2
The eight-headed hydra bites you but does no damage.
A basilisk comes into view.
Your +2 war axe of electrocution stops crackling.
B - a +0 morningstar (weapon)
The basilisk hisses angrily.
You block the eight-headed hydra's attack.
The eight-headed hydra bites you.
The eight-headed hydra bites you but does no damage.
You block the eight-headed hydra's attack.
The eight-headed hydra bites you but does no damage.
The eight-headed hydra barely misses you.
The eight-headed hydra closely misses you.
The eight-headed hydra bites you!
Okay, then.
You hit the eight-headed hydra. You headbutt the eight-headed hydra.
The eight-headed hydra is lightly wounded.
The basilisk bites you but does no damage.
The eight-headed hydra bites you.
The eight-headed hydra barely misses you.
The eight-headed hydra bites you but does no damage.
The eight-headed hydra closely misses you.
The eight-headed hydra bites you but does no damage.
The eight-headed hydra bites you!
* * * LOW HITPOINT WARNING * * *
The eight-headed hydra bites you!
* * * LOW HITPOINT WARNING * * *
The eight-headed hydra bites you but does no damage.
The basilisk hisses menacingly.
As you read the scroll of teleportation, it crumbles to dust.
You feel strangely unstable.
The eight-headed hydra bites you but does no damage.
The eight-headed hydra closely misses you.
The eight-headed hydra bites you but does no damage. x2
The eight-headed hydra bites you!
* * * LOW HITPOINT WARNING * * *
The eight-headed hydra bites you but does no damage.
The eight-headed hydra bites you!
You die...

#.######
#P.P#.#####...## #.#
##.##....#.....#
########.#
#....##.......)
.........#
####.######.###
########## ### ### ###
#.######### ..####
##......†..###.#..#
##....###..(.$†..#####
##..###.####...l@D...l#
..### ###
#.#.###...[... ###
##### #...... # ##...#
# .#. #


You could see an eight-headed hydra and 2 basilisks.

Vanquished Creatures
  4 two-headed ogres
  A deep elf pyromancer (D:8)
  A cyclops (D:10)
  A gargoyle (D:10)
  3 slime creatures (D:10)
  2 vampires (D:9)
  9 yaks
  A basilisk (D:10)
  Menkaure (D:4)
  3 water moccasins
  4 orc warriors
  A swamp drake (D:10)
  3 ice beasts
  3 black bears
  3 ogres
  4 centaurs
  A phantom (D:4)
  3 kobold brigands
  4 bullfrogs
  2 necrophages (D:4)
  A scorpion (D:6)
  5 wights (D:9)
  9 killer bees
  A howler monkey (D:9)
  A jelly (D:7)
  4 orc priests
  5 hounds
  2 gnoll boudas
  2 iguanas
  8 orc wizards
  11 adders
  22 gnolls
  A river rat (D:6)
  A white imp (D:7)
  4 worms
  55 orcs
  4 bats
  8 endoplasms
  3 giant cockroaches
  9 goblins
  8 hobgoblins
  4 jackals (D:2)
  5 quokkas
  9 ball pythons
  A frilled lizard (D:2)
  25 kobolds
  7 rats
269 creatures vanquished.

Notes
Turn   | Place    | Note
-------+----------+-------------------------------------------
     0 | D:1      | cheesebisquit the Minotaur Berserker began the quest for
                  | the Orb.
     0 | D:1      | Reached XP level 1. HP: 19/19 MP: 0/0
   459 | D:1      | Reached XP level 2. HP: 26/27 MP: 1/1
   522 | D:1      | Reached skill level 4 in Axes
   674 | D:1      | Reached ** piety under Trog
   807 | D:2      | Reached XP level 3. HP: 33/33 MP: 2/2
   889 | D:2      | Found a shimmering blue altar of Sif Muna.
   930 | D:2      | Reached skill level 5 in Axes
   987 | D:2      | Reached XP level 4. HP: 10/40 MP: 3/3
   992 | D:2      | Reached skill level 6 in Axes
  1638 | D:3      | Found a sparkling altar of Nemelex Xobeh.
  1816 | D:3      | Reached *** piety under Trog
  1847 | D:3      | Reached XP level 5. HP: 46/46 MP: 4/4
  2093 | D:3      | Found Ygyttun's Book Boutique.
  2179 | D:3      | Reached skill level 7 in Axes
  2321 | D:3      | Found a faded altar of an unknown god.
  2643 | D:4      | Noticed a phantom
  2656 | D:4      | Killed a phantom
  2657 | D:4      | Reached skill level 8 in Axes
  2657 | D:4      | Reached XP level 6. HP: 39/52 MP: 5/5
  3110 | D:4      | Found a faded altar of an unknown god.
  3110 | D:4      | Found a glowing silver altar of Zin.
  3118 | D:4      | Found an iron altar of Okawaru.
  3120 | D:4      | Found a bloodstained altar of Trog.
  3122 | D:4      | Found a faded altar of an unknown god.
  3207 | D:4      | Noticed Menkaure
  3217 | D:4      | Killed Menkaure
  3218 | D:4      | Reached skill level 9 in Axes
  3218 | D:4      | Reached XP level 7. HP: 58/58 MP: 6/6
  3527 | D:4      | Reached skill level 10 in Axes
  3594 | D:5      | Entered Level 5 of the Dungeon
  3746 | D:5      | Found the +4 moon troll leather armour {Spirit, Regen++
                  | MP+5}
  3883 | D:5      | Noticed a yak
  3883 | D:5      | Noticed a yak
  3883 | D:5      | Noticed a yak
  3884 | D:5      | Noticed a yak
  3885 | D:5      | Noticed a yak
  3885 | D:5      | Noticed a yak
  3889 | D:5      | Killed a yak
  3890 | D:5      | Reached skill level 11 in Axes
  3895 | D:5      | Killed a yak
  3896 | D:5      | Reached XP level 8. HP: 66/66 MP: 7/7
  3899 | D:5      | Reached skill level 12 in Axes
  3906 | D:5      | Reached skill level 13 in Axes
  5016 | D:6      | Reached skill level 14 in Axes
  5044 | D:6      | Reached XP level 9. HP: 71/71 MP: 8/8
  5656 | D:6      | Noticed Blork the orc
  5664 | D:6      | Found a shimmering blue altar of Sif Muna.
  5852 | D:7      | Reached skill level 15 in Axes
  5996 | D:7      | Reached **** piety under Trog
  6404 | D:7      | Found a staircase to the Ecumenical Temple.
  6417 | D:7      | Reached skill level 16 in Axes
  7287 | D:8      | Noticed a two-headed ogre
  7294 | D:8      | Killed a two-headed ogre
  7295 | D:8      | Reached skill level 17 in Axes
  7295 | D:8      | Reached XP level 10. HP: 36/78 MP: 9/9
  7967 | D:8      | Noticed a deep elf pyromancer
  7977 | D:8      | Killed a deep elf pyromancer
  8451 | D:9      | Reached skill level 18 in Axes
  8607 | D:9      | You fall into a shaft and drop 1 floor!
  8607 | D:10     | Entered Level 10 of the Dungeon
  8679 | D:10     | Found a staircase to the Orcish Mines.
  8702 | D:9      | Noticed a two-headed ogre
  8709 | D:9      | Killed a two-headed ogre
  8898 | D:9      | Reached skill level 19 in Axes
  9011 | D:9      | Noticed a two-headed ogre
  9017 | D:9      | Killed a two-headed ogre
  9218 | D:9      | Noticed a two-headed ogre
  9227 | D:9      | Killed a two-headed ogre
  9228 | D:9      | Reached XP level 11. HP: 83/83 MP: 10/10
  9438 | D:10     | Reached skill level 20 in Axes
  9482 | D:10     | Found a broken altar of Ashenzari.
 10505 | D:10     | Noticed an eight-headed hydra
 10516 | D:10     | Slain by an eight-headed hydra

Illustrated notes

Levels and vault maps discovered:
D:1:      ebering_trefoil_3fold, layout_loops_ring, minmay_fountain_box
D:2:      layout_basic, basic_altar, chequers_serial_rivers_small_b,
          grunt_decor_junction, chequers_serial_rivers_small_b,
          minmay_surrounded
D:3:      layout_loops_ring, overflow_temple_1_default,
          ebering_ecumenical_altar_ruins, serial_shops, nicolae_diamond_shop,
          chequers_serial_rivers_small_3
D:4:      layout_gridville, chequers_temple_overflow_minitemple,
          chequers_serial_rivers_micro_a, uniq_menkaure
D:5:      layout_basic
D:6:      layout_rooms, tgw_sif, gup_sewer_entry_bubbles
D:7:      layout_loops_ring, temple_green
D:8:      layout_loops_corners, special_room [special_room_orc]
D:9:      layout_long_grid, st_stairs_7
D:10:     layout_loops_corners, mainiacjoe_overflow_alcove_1, erik_lair_dragon,
          orc_0_dummy, dreamdust_princess_bridge, uniq_urug

Skill      XL: |  1  2  3  4  5  6  7  8  9 10 11 |
---------------+----------------------------------+-----
Axes           | 4 5 6 8 9 11 14 17 19 20 | 20.6
Fighting       | |  3.8
Armour         | |  2.7
Dodging        | |  2.4

Action                   |  1- 3 |  4- 6 |  7- 9 | 10-12 || total
-------------------------+-------+-------+-------+-------++-------
Melee: Hand axe          |    64 |   158 |    68 |       ||   290
       Headbutt          |     9 |    19 |    38 |    34 ||   100
       Punch             |       |     1 |       |       ||     1
       War axe           |       |       |   176 |   199 ||   375
       Morningstar       |       |       |       |     1 ||     1
Throw: Dart              |       |       |       |     9 ||     9
Invok: Trog's Hand       |     1 |     3 |     8 |    11 ||    23
       Berserk           |       |     4 |     9 |    10 ||    23
  Use: Scroll            |       |       |     8 |     4 ||    12
       Potion            |       |       |       |     1 ||     1
Armor: Plate armour      |    49 |    84 |   100 |    93 ||   326
       Animal skin       |     1 |       |       |       ||     1
Dodge: Dodged            |    37 |    54 |    53 |    60 ||   204
Block: Buckler           |       |       |    34 |    39 ||    73
